 Dungeon Crawl Stone Soup version 0.27-a0-1193-g8631133539 (webtiles) character file.

Game seed: 8243151651065472460

69 bobarctor the Magician (level 4, -1/24 HPs)
             Began as a Deep Elf Hedge Wizard on May 25, 2021.
             Was a Follower of Uskayaw.
             Slain by a quokka (4 damage)
             ... on level 1 of the Dungeon.
             The game lasted 00:13:42 (2637 turns).

bobarctor the Magician (Deep Elf Hedge Wizard)      Turns: 2637, Time: 00:13:43

Health: -1/24      AC:  2    Str:  7    XL:     4   Next: 2%
Magic:  7/13       EV: 12    Int: 20    God:    Uskayaw [*.....]
Gold:   8          SH:  0    Dex: 14    Spells: 3/14 levels left

rFire    . . .     SeeInvis .   a - +0 dagger
rCold    . . .     Faith    .   (no shield)
rNeg     . . .     Spirit   .   b - +0 robe
rPois    .         Reflect  .   c - +0 hat
rElec    .         Harm     .   (no cloak)
rCorr    .         Rampage  .   (no gloves)
Will     .....                  (no boots)
Stlth    ++........             (no amulet)
HPRegen  0.08/turn              n - ring of flight
MPRegen  0.13/turn              (no ring)

@: flying, very slightly contaminated
A: no striking features
a: Renounce Religion, Stomp


You were on level 1 of the Dungeon.
You worshipped Uskayaw.
Uskayaw was noncommittal.
You visited 1 branch of the dungeon, and saw 2 of its levels.

You collected 8 gold pieces.

Inventory:

Hand Weapons
 a - a +0 dagger (weapon)
Missiles
 k - 23 arrows
 q - 69 stones (quivered)
Armour
 b - a +0 robe (worn)
 c - a +0 hat (worn)
Jewellery
 n - a ring of flight (left hand)
Wands
 g - a wand of paralysis (9)
Scrolls
 d - 3 scrolls of identify {unknown}
 e - a scroll of noise {unknown}
 j - a scroll of blinking {unknown}
 m - a scroll of enchant armour {unknown}
 o - 3 scrolls of teleportation {unknown}
 s - a scroll of acquirement {unknown}
Potions
 f - 2 potions of heal wounds {unknown}
 h - a potion of magic {unknown}
 i - 2 potions of lignification {unknown}
 l - a potion of curing {unknown}
 p - 2 potions of haste {unknown}
 r - a potion of cancellation {unknown}


   Skills:
 + Level 2.6 Dodging
 + Level 2.5 Stealth
 * Level 5.8 Spellcasting
 + Level 2.2 Conjurations
 + Level 1.1 Summonings
 + Level 1.1 Translocations
 * Level 0.2 Air Magic
 * Level 0.6 Poison Magic
 * Level 0.2 Invocations


You had 3 spell levels left.
You knew the following spells:

 Your Spells              Type           Power      Damage    Failure   Level
a - Magic Dart            Conj           56%        1d5       4%          1
b - Blink                 Tloc           N/A        N/A       11%         2
c - Mephitic Cloud        Conj/Pois/Air  10%        N/A       21%         3
d - Conjure Flame         Conj/Fire      10%        6-21      21%         3
e - Call Imp              Summ           10%        N/A       11%         2

Your spell library contained the following spells:

 Spells                   Type           Power      Damage    Failure   Level
 Summon Small Mammal      Summ           40%        N/A       7%          1
 Slow                     Hex            5%         N/A       16%         2
 Call Canine Familiar     Summ           10%        N/A       21%         3
 Summon Guardian Golem    Hex/Summ       8%         N/A       26%         3
 Summon Ice Beast         Ice/Summ       8%         N/A       63%         4
 Summon Lightning Spire   Summ/Air       8%         N/A       63%         4


Dungeon Overview and Level Annotations

Branches:
Dungeon (2/15)

Altars:
Uskayaw

Shops:
D:2 [?

Annotations:
D:2 Natasha


Message History

The rat barely misses you. The quokka bites you.
Your magical contamination has completely faded away.
The quokka bites you.
* * * LOW HITPOINT WARNING * * *
You see here a ball python skeleton.
The quokka closely misses you. The quokka bites you.
* * * LOW HITPOINT WARNING * * *
The quokka misses you. The quokka barely misses you.
You see here a +0 dagger.
The quokka barely misses you.
The quokka bites you but does no damage.
The quokka closely misses you.
Natasha hisses angrily.
The quokka closely misses you.
The quokka bites you but does no damage.
The quokka barely misses you. The quokka bites you.
* * * LOW HITPOINT WARNING * * *
Natasha mumbles some strange words.
The quokka misses you.
There is a stone staircase leading up here.
The quokka bites you.
* * * LOW HITPOINT WARNING * * *
You fly upwards.
There is a stone staircase leading down here.
Casting: Magic Dart (safe; 4% risk of failure)
Confirm with . or Enter, or press ? or * to list all spells.
You miscast Blink.
You are very lightly contaminated with residual magic.
Nothing appears to happen.
The quokka closely misses you.
Casting: Blink (safe; 11% risk of failure)
Confirm with . or Enter, or press ? or * to list all spells.
You blink.
The quokka bites you.
* * * LOW HITPOINT WARNING * * *
Casting: Blink (safe; 11% risk of failure)
Confirm with . or Enter, or press ? or * to list all spells.
You miscast Blink.
Nothing appears to happen.
The quokka bites you.
You die...

###'### #n#.#c# ###### ###.###
.....# #B#.#o# ####.# ###.###
#.# #V#.#d# ######## #.#
###.### #......#
#.#####i#.#Q###.####.#
####.##..###.###@r># #.#
.........#p#.#m#...#
#.#########
.###.##.####.####..#
#..........
.:..[...##M#.#O##..#
###########
.###.#..####.####..#
.....#..##K#.#g##..## #####
.........###.###....######...#
........##e#.#T###..#........#
........####.#####..#.####...#


You could see a quokka.

Vanquished Creatures
  2 adders (D:2)
  2 worms (D:2)
  A dart slug (D:1)
  3 ball pythons
  7 endoplasms (D:1)
  4 giant cockroaches
  2 jackals (D:1)
  2 kobolds
  3 quokkas
  4 bats
  3 frilled lizards
  3 goblins
  4 rats
40 creatures vanquished.

Notes
Turn   | Place    | Note
-------+----------+-------------------------------------------
     0 | D:1      | bobarctor the Deep Elf Hedge Wizard began the quest for the
                  | Orb.
     0 | D:1      | Reached XP level 1. HP: 10/10 MP: 7/7
     2 | D:1      | Noticed a ghoul
     2 | D:1      | Noticed a centaur
     4 | D:1      | Noticed a formicid
     6 | D:1      | Noticed a vampire
     6 | D:1      | Noticed a draconian
     8 | D:1      | Noticed a spriggan
     8 | D:1      | Noticed a tengu
    10 | D:1      | Noticed a demigod
    10 | D:1      | Noticed a merfolk
    12 | D:1      | Noticed an ogre
    14 | D:1      | Noticed a dwarf
    16 | D:1      | Noticed an elf
    16 | D:1      | Noticed a troll
    18 | D:1      | Noticed a demonspawn
    18 | D:1      | Noticed a vine stalker
    20 | D:1      | Noticed a minotaur
    20 | D:1      | Noticed a barachi
    22 | D:1      | Noticed a gargoyle
    22 | D:1      | Noticed a human
    24 | D:1      | Noticed a felid
    24 | D:1      | Noticed a naga
    26 | D:1      | Noticed a palentonga
    26 | D:1      | Noticed an octopode
   446 | D:1      | Reached skill level 5 in Spellcasting
   549 | D:1      | Reached XP level 2. HP: 15/15 MP: 5/10
   599 | D:1      | You fall into a shaft and drop 1 floor!
   617 | D:2      | Learned a level 2 spell: Blink
  1351 | D:1      | Reached XP level 3. HP: 19/19 MP: 8/12
  1779 | D:2      | Learned a level 3 spell: Mephitic Cloud
  1783 | D:2      | Learned a level 3 spell: Conjure Flame
  1786 | D:2      | Learned a level 2 spell: Call Imp
  1845 | D:2      | Found Fiek's Magic Scroll Emporium.
  1883 | D:2      | Found a faded altar of an unknown god.
  1890 | D:2      | Became a worshipper of Uskayaw the Reveller
  1890 | D:2      | Reached * piety under Uskayaw
  1918 | D:2      | Reached ** piety under Uskayaw
  2211 | D:2      | Noticed Natasha
  2417 | D:2      | Reached XP level 4. HP: 24/24 MP: 4/13
  2559 | D:2      | Found Diomny's Armour Shoppe.
  2637 | D:1      | Slain by a quokka

Illustrated notes

Levels and vault maps discovered:
D:1:      kb_arrival_jail, layout_loops_ring, grunt_decor_mini_mirrors
D:2:      layout_loops_ring, serial_shops, shop, nicolae_shop_crystal,
          hellmonk_ecumenical_altar_leap_of_faith, uniq_natasha

Skill      XL: |  1  2  3 |
---------------+----------+-----
Spellcasting   | 5 |  5.8
Conjurations   | 2 |  2.2
Dodging        | |  2.6
Stealth        | |  2.5
Summonings     | |  1.1
Translocations | |  1.1
Air Magic      | |  0.2
Poison Magic   | |  0.6
Invocations    | |  0.2

Action                   |  1- 3 |  4- 6 || total
-------------------------+-------+-------++-------
Melee: Dagger            |     6 |       ||     6
 Cast: Magic Dart        |   112 |     7 ||   119
       Mephitic Cloud    |     4 |     1 ||     5
       Conjure Flame     |     2 |       ||     2
       Blink             |       |     1 ||     1
Armor: Robe              |    10 |     2 ||    12
Dodge: Dodged            |    13 |    13 ||    26

Table legend: (Time is in decaauts)
 A = Elapsed time spent in this place.
 B = Non-inter-level travel time spent in this place.
 C = Inter-level travel time spent in this place.
 D = Time resting spent in this place.
 E = Time spent auto-exploring this place.
 F = Levels seen in this place.
 G = Mean time per level.
                   A        B        C        D        E       F      G
               +--------+--------+--------+--------+--------+-----+--------+
         Total |   2637 |   2613 |     24 |   1201 |   1031 |   2 | 1318.5 |
       Dungeon |   2637 |   2613 |     24 |   1201 |   1031 |   2 | 1318.5 |
               +--------+--------+--------+--------+--------+-----+--------+

Top non-repeatable levels by time:
     D:1: 1730 daAuts
     D:2: 907 daAuts
